Cogmind - Beta 15 @@@ ROGUE MODE // 2025.10.10 @ 17:26:48 Player: Sooty Result: Destroyed by D-53 Grenadier with Mini Grenade Launcher Performance ------------- Evolutions (0) 0 Regions Visited (2) 400 Robots Destroyed (6) 30 Value Destroyed (43) 43 Prototype IDs (0) 0 Alien Tech Used (0) 0 Bonus (0) 0 TOTAL SCORE: 473 Bonus ------- None Cogmind --------- Core Integrity 0/250 Matter 300/300 Energy 250/250 System Corruption 0% Temperature Cool (0) Movement Core (200) Ox3 Location -10/Mines Parts ------- > --- POWER (1) -------- Ion Engine > --- PROPULSION (2) --- (None) > --- UTILITY (2) ------ Small Storage Unit > --- WEAPON (2) ------- Light Assault Rifle > --- INVENTORY (8) ---- Faulty Experimental Sensor Array EM Pulse Gun Light Assault Rifle Mining Laser Peak State ------------ > --- POWER ------------ Ion Engine > --- PROPULSION ------- Light Treads > --- UTILITY ---------- Small Storage Unit Light Armor Plating > --- WEAPON ----------- Light Assault Rifle Light Assault Rifle > --- INVENTORY -------- Light Treads Experimental Sensor Array EM Pulse Gun Light Assault Rifle Mining Laser [Rating: 7] Favorites ----------- Power Ion Engine Engine Ion Engine Propulsion Light Treads Treads Light Treads Utility Small Storage Unit Storage Small Storage Unit Protection Light Armor Plating Weapon Light Assault Rifle Ballistic Gun Light Assault Rifle Build | -11 -10 -10 ------- Run | Yrd Mat Min Slots Evolved . | . . . Power . | . . . Propulsion . | . . . Utility . | . . . Weapon . | . . . Parts Attached 8 | 4 . 4 Power 1 | 1 . . Engine 1 | 1 . . Core . | . . . Reactor . | . . . Propulsion 2 | 1 . 1 Treads 2 | 1 . 1 Leg . | . . . Wheel . | . . . Hover . | . . . Flight . | . . . Utility 2 | 1 . 1 Device . | . . . Storage 1 | 1 . . Processor . | . . . Hackware . | . . . Protection 1 | . . 1 Artifact . | . . . Weapon 3 | 1 . 2 Energy Gun . | . . . Energy Cannon . | . . . Ballistic Gun 3 | 1 . 2 Ballistic Cannon . | . . . Launcher . | . . . Special Weapon . | . . . Impact Weapon . | . . . Slashing Weapon . | . . . Piercing Weapon . | . . . Special Melee Weapon . | . . . Unidentified Prototypes . | . . . Parts Lost 4 | . . 4 Power . | . . . Propulsion 2 | . . 2 Utility 1 | . . 1 Weapon 1 | . . 1 Highest Loss Streak 4 | . . 4 To Critical Strikes . | . . . Average Backups 3 | 1 2 4 Power . | . . . Propulsion . | . 1 . Utility . | . . . Weapon 2 | . 1 2 Tool/Special . | . . . Unused Backups 3 | . . 3 Power . | . . . Propulsion . | . . . Utility 1 | . . 1 Weapon 2 | . . 2 Tool/Special . | . . . Average Slot Usage (%) 70 | . 57 74 Engine 14 | . 14 14 Treads 14 | . 14 14 Storage 14 | . 14 14 Protection 5 | . . 7 Ballistic Gun 21 | . 14 24 Peak Build Rating 7 | 4 4 7 Average Rating 5 | 2 4 5 On Entrance 2 | . 4 4 Naked Turns . | . . . Heaviest Build 15 | 11 11 15 Greatest Support 20 | 20 20 20 Greatest Overweight (x) 3 | . . 3 Average Overweight (x) . | . . . Largest Inventory Capacity 8 | 8 8 8 Average Capacity 7 | 6 8 8 Most Carried 5 | 3 3 5 Average Carried 3 | 1 2 4 Final Capacity 8 | 8 8 8 Final Carried 4 | 2 3 4 Class Distribution -------------------- 100% | Mutant Dominant Class ---------------- Mutant | -10/Materials Mutant | -10/Mines Resources | -11 -10 -10 ----------- Run | Yrd Mat Min Matter Collected 287 | 162 . 125 Remotely . | . . . Salvage Created 108 | . . 108 Parts 17 | . . 17 Haulers Intercepted . | . . . Recyclers Shooed . | . . . Parts Field Recycled . | . . . Retrieved Matter . | . . . Parts Self-Destructed . | . . . Prevented . | . . . Kills | -11 -10 -10 ------- Run | Yrd Mat Min Combat Hostiles Destroyed 3 | . . 3 Guns 3 | . . 3 Classes Destroyed 4 | . . 4 Worker 1 | . . 1 Builder 1 | . . 1 Tunneler 1 | . . 1 Swarmer 3 | . . 3 Best Kill Streak 2 | . . 2 Combat Bots Only 2 | . . 2 Max Kills in Single Turn 1 | . . 1 Gunslinging . | . . . Exploded . | . . . Melee . | . . . Uniques/NPCs Destroyed . | . . . Combat | -11 -10 -10 -------- Run | Yrd Mat Min Hostile Shots Fired 51 | . 4 47 Missed 11 | . 2 9 Hits 40 | . 2 38 Projectile 40 | . 2 38 AOE 18 | . . 18 Damage Taken 877 | . 14 863 Core 286 | . 6 280 Absorbed by Shields . | . . . Core Remaining (%) 100 | 100 . . Volleys Fired 23 | . . 23 Largest 2 | . . 2 Hottest 40 | . . 40 Shots Fired 28 | . . 28 Gun 28 | . . 28 Cannon . | . . . Launcher . | . . . Special . | . . . Kinetic 28 | . . 28 Thermal . | . . . Explosive . | . . . Electromagnetic . | . . . Robot Hit Streak 5 | . . 5 Robot Miss Streak 3 | . . 3 Penetration Max . | . . . Secondary Targets . | . . . Shots Hit Robots 16 | . . 16 Core Hits 9 | . . 9 Critical Kills . | . . . Critical Parts Destroyed . | . . . Critical Strikes . | . . . Melee Attacks . | . . . Impact . | . . . Slashing . | . . . Piercing . | . . . Sneak Attacks . | . . . Combat Hostiles . | . . . Follow-up Attacks . | . . . Damage Inflicted 139 | . . 139 Guns 133 | . . 133 Cannons . | . . . Explosions . | . . . Melee . | . . . Ramming 6 | . . 6 Kinetic 133 | . . 133 Thermal . | . . . Explosive . | . . . Electromagnetic . | . . . Impact . | . . . Slashing . | . . . Piercing . | . . . Highest Corruption . | . . . Average Corruption . | . . . Corruption Purged . | . . . Corruption Blocked . | . . . Overload Shots . | . . . Overflow Damage . | . . . Projectiles . | . . . Explosions . | . . . Melee . | . . . Knockbacks . | . . . Impact . | . . . Kinetic . | . . . Secondary . | . . . Self-Inflicted Damage . | . . . Shots . | . . . Rammed 3 | . . 3 Targets Rammed 3 | . . 3 Kicked . | . . . Crushed . | . . . Highest Temperature . | . . . Average Temperature . | . . . Received Heat Transfer . | . . . Siege Activations . | . . . Martial Activations . | . . . Shielding Activations . | . . . Robots Disrupted . | . . . Combat Hostiles . | . . . Robots Corrupted . | . . . Combat Hostiles . | . . . Parts Fried . | . . . Impact Corruptions . | . . . Robots Melted . | . . . Combat Hostiles . | . . . Parts Melted . | . . . Heat Transferred . | . . . Parts Sabotaged . | . . . Parts Stolen . | . . . Parts Stripped . | . . . Power Chain Reactions . | . . . Alert | -11 -10 -10 ------- Run | Yrd Mat Min Maximum Alert Level . | . . . Low Security (%) 100 | 100 100 100 Level 1 . | . . . Level 2 . | . . . Level 3 . | . . . Level 4 . | . . . Level 5 . | . . . High Security . | . . . Max Security . | . . . Peak Influence 50 | . . 50 Initial . | . . . Average 6 | . . 8 Influence Increases 85 | . . 85 Destroy 0b10 Robot/C 60 | . . 60 Destroy 0b10 Robot/NC 15 | . . 15 Destroy Leader 10 | . . 10 Influence Decreases 85 | . . 85 Time Decay 85 | . . 85 Squads Dispatched . | . . . Investigation . | . . . Extermination . | . . . Reinforcement . | . . . Assault . | . . . Garrison . | . . . Intercept . | . . . Searches Triggered . | . . . Construction Impeded . | . . . Haulers Reinforced . | . . . Active Scanning Responses . | . . . Cargo Convoy Interrupts . | . . . Stealth | -11 -10 -10 --------- Run | Yrd Mat Min Distress Signals 1 | . 1 . Communications Jammed . | . . . Distress Signals . | . . . Times Spotted 8 | . 3 5 Peak Tracking Total 3 | . 3 3 Tactical Retreats . | . . . Traps | -11 -10 -10 ------- Run | Yrd Mat Min Traps Triggered . | . . . Indirectly . | . . . Trap Hack Attempts . | . . . Triggered . | . . . Disarmed . | . . . Reprogrammed . | . . . Reused . | . . . Traps Extracted . | . . . Installed . | . . . Triggered . | . . . Machines | -11 -10 -10 ---------- Run | Yrd Mat Min Machines Disabled . | . . . Max in Single Turn . | . . . Machines Repaired . | . . . Machines Dismantled . | . . . Machines Sabotaged . | . . . Overloaded Fab Kills . | . . . Hacking | -11 -10 -10 --------- Run | Yrd Mat Min Machines Accessed . | . . . Terminals . | . . . Fabricators . | . . . Repair Stations . | . . . Recycling Units . | . . . Scanalyzers . | . . . Garrison Access . | . . . Total Hacks . | . . . Successful . | . . . Failed . | . . . Catastrophic . | . . . Database Lockouts . | . . . Manual . | . . . Terminals . | . . . Fabricators . | . . . Repair Stations . | . . . Recycling Units . | . . . Scanalyzers . | . . . Garrison Access . | . . . Terminal Hacks . | . . . Fabricator Hacks . | . . . Repair Station Hacks . | . . . Recycling Unit Hacks . | . . . Scanalyzer . | . . . Garrison Access Hacks . | . . . Unauthorized Hacks . | . . . Terminals . | . . . Fabricators . | . . . Repair Stations . | . . . Recycling Units . | . . . Scanalyzers . | . . . Garrison Access . | . . . Data Cores Recovered . | . . . Used . | . . . Hacking Detections . | . . . Full Trace Events . | . . . Feedback Events . | . . . Feedback Blocked . | . . . Robot Schematics Acquired . | . . . Robots Built . | . . . Authchips . | . . . Time . | . . . Total Robot Build Rating . | . . . Part Schematics Acquired . | . . . Parts Built . | . . . Authchips . | . . . Time . | . . . Total Part Build Rating . | . . . Parts Repaired . | . . . Time . | . . . Parts Recycled . | . . . Recycled Matter . | . . . Retrieved Matter . | . . . Retrieved Components . | . . . Parts Scanalyzed . | . . . Part Schematics Acquired . | . . . Parts Damaged . | . . . Bothacking | -11 -10 -10 ------------ Run | Yrd Mat Min Used RIF Installer . | . . . Robots Hacked . | . . . Non-combat . | . . . Combat . | . . . Robot Hacks Applied . | . . . Relay Couplers Released . | . . . Fabnet Peak Effective % . | . . . Robots Rewired . | . . . Allies Hacked . | . . . Hacks Repelled . | . . . Allies | -11 -10 -10 -------- Run | Yrd Mat Min Total Allies . | . . . Largest Group . | . . . Highest-Rated Group . | . . . Highest-Rated Ally . | . . . Total Orders . | . . . Ally Attacks . | . . . Total Damage . | . . . Kills . | . . . Allies Corrupted . | . . . Allies Melted . | . . . Intel | -11 -10 -10 ------- Run | Yrd Mat Min Active Infowar (turns) . | . . . Robot Analysis Total . | . . . Derelict Logs Recovered 1 | . . 1 Drone Launches . | . . . Drone Recoveries . | . . . Exploration | -11 -10 -10 ------------- Run | Yrd Mat Min Turns Passed 647 | 60 120 467 Spaces Moved 363 | 34 75 254 Core 4 | 3 . 1 Treads 359 | 31 75 253 Legs . | . . . Wheels . | . . . Hover . | . . . Flight . | . . . Fastest Speed 50 | 50 160 160 Average Speed 159 | 150 160 160 Slowest Speed 200 | 160 160 200 Overloaded Moves . | . . . Propulsion Burnouts . | . . . Robots Hopped . | . . . Potential Cave-ins . | . . . Cave-ins Triggered . | . . . Exploration Rate (%) 26 | 3 22 53 Regions Visited 2 Branch Regions 1 Pre-discovered Areas . | . . . Known Exits Taken . | . . . Unknown Exits Taken 2 | 1 1 . Scrap Searched 1 | . . 1 Spaces Dug . | . . . Terrain Destroyed . | . . . Melee . | . . . Projectile . | . . . AOE . | . . . Terrain Rammed . | . . . Walls Destroyed . | . . . Machines Disabled . | . . . Actions | -11 -10 -10 --------- Run | Yrd Mat Min Total 407 | 43 75 289 Wait 1 | . . 1 Move 361 | 33 74 254 Hop . | . . . Pick Up 11 | 6 1 4 Fast Attach . | . . . Attach 7 | 4 . 3 Detach . | . . . Swap 1 | . . 1 Drop . | . . . Fire 23 | . . 23 Melee . | . . . Ram . | . . . Kick . | . . . Crush 3 | . . 3 Escape Stasis . | . . . Rewire . | . . . Trap . | . . . Miscellaneous . | . . . Route ------- -11/Scrapyard -10/Materials -10/Mines (discovered 1 exit: [*Mat]) History --------- Turn | Location | Event 29 | -11/Scrapyard | Discovered new exit (range 15) 61 | -11/Scrapyard | Entered Materials 130 | -10/Materials | Discovered new exit (range 7) 181 | -10/Materials | Entered Mines 238 | -10/Mines | Met a Derelict bent on vengeance 249 | -10/Mines | Learned Materials security intel 251 | -10/Mines | Discovered new exit (range 8) 316 | -10/Mines | Build established: Mutant 406 | -10/Mines | Found a damaged Exp. Sensor Array with a note attached 409 | -10/Mines | Found Prototype Device 596 | -10/Mines | Assembled infested the area 637 | -10/Mines | Core integrity fell below 50% 648 | -10/Mines | Core integrity fell below 20% 648 | -10/Mines | Destroyed by D-53 Grenadier with Mini Grenade Launcher Last Messages --------------- areas until they're on top of us... With this we can! Deliver it to Megawrench for repairs then we'll never be afraid of an ambush while sneaking around Materials again, ha." 00409_ Acquired Prototype Device. 00596_ ALERT: Infestation in the mines, dispatching Demolisher response squad. 00623_ C-30 ARC bursts open, deploying its payload. 00623_ D-53 Grenadier unfolds itself. 00628_ Lgt. Armor Plating destroyed. 00630_ Lgt. Treads destroyed. 00634_ Lgt. Assault Rifle destroyed. 00636_ K-01 Serf destroyed. 00642_ U-05 Engineer destroyed. 00644_ The unstable cave ceiling collapses. 00644_ R-06 Scavenger destroyed. 00645_ Lgt. Treads destroyed. 00645_ K-01 Serf destroyed. 00647_ Matter Pump disabled. Map ----- +----------------------------------------------------+ | ????????????????????????????????# #????????? | | ?????????????????????????????????# #?????????? | | ??????????????????????????????????# #?????????? | | ??????????????????????????????????# #??????????? | | ??????????????????????????????????# ##??????????? | | ????????????????????????????????### #???????????? | | ????????????????????????????????# [ #???????????? | | ????????????????????????????????# %* #???????????? | | ????????????????????????????????# ###???????????? | | ????????????????????????????????# %#?????????????? | | ????????????????????????????????# ###???????????? | | ????????????????????# ?????####?# # #?######????? | | ???????????????????? ???## ### ## ## ?????? | | ????????????????????# ??## ## # #?????? | | ????????????????????# ### # #?????? | | ????????????????????# =%= %"#?????? | | ????????????????????# #?????? | | ????????????????????# # ####### | | ????????????????????# # # # | | ????????????????????# ## # # ##### # | | ????????????????????## d ## #???# # | | ?????????????????????# d ### #??## | | ?????????????????????# #### #?## | | ?????????????????????## #### ### | | ?????????????????????# #### | | ???????????????????###!% @ ## | | ##??????????????#### = % ### | | #?????????????? ##?# ### | | #???#?????????#### " ####?## ##?? | | ##? #????????????## """ ###### #??? | | ## #?????????????## """ #??? | | ## #####???????## ##??? | | #????????## # #### ##???? | | #### #?????????#k ###??## #### #####????? | | # ##??# #????###### #?????####??####????????? | | #?##???# #????# #???????????????????????? | | #??????# #????# #???????????????????????? | | #??????# ###??# ######???????????????????????? | | #?????## ##?# #????????????????????????????? | | !*#?????# #?# =##############???????????????? | | =%####### ###|%! =!== [ #???????????????? | | *=###%######## ######??????????? | | ###### ########=######?# #??????????? | | #????# # #??# #?###### #??????????? | | #???# ## #??# #??????# #??????????? | | #??# ### #??# #??????# #??????????? | | ## ##?# #??# < """ #????### #??????????# | | ## #??# ??# """ #???## ##?????????# | | ### ##??###??# """ #???# ########### | | #??# #????????# #???# | +----------------------------------------------------+ Best States ------------- Heat Dissipation 25 Energy Generation 10 Energy Capacity 250 Matter Stores 300 Matter Capacity 300 Sight Range 16 Terrain Scan Density 10 Armor Coverage 150 Evasion (%) 40 Recoil Reduction 1 Item Schematics ----------------- None Robot Schematics ------------------ None Fabricated ------------ Nothing Repaired ---------- Nothing Alien Tech Used ----------------- None Achievements -------------- None Challenges ------------ None Game ------ Seed TerrainWarlordMagmablaster Manual? 0 Play Time 00:06:56 Cumulative 20.0 hours Start 2025.10.10 @ 17:19:55 End 2025.10.10 @ 17:26:48 Sessions 1 Manual Loads 0 Difficulty Rogue Special Mode None Game No. 24 Rogue 24 Adventurer 0 Explorer 0 Win Type - Total 0 Types 0/0/0/0/0/0/0/0/0/0 Lore% 11 Gallery% 21 Achievement% 19 Wizard Run 0 Options --------- Layout 1 ASCII 0 Keyboard 0 Movement Mouse Keybinds 0 Fullscreen 1 Font 24/Terminus Map View 50x35 Zoom Use 0% Tactical HUD 1 Map Filters NONE Filters NONE Steam 1 RUN: 6d036e7b-2cb5-41d4-b890-71a57e802ad5